 Dungeon Crawl Stone Soup version 0.31-a0-188-g5e087ee2ca (webtiles) character file.

Game seed: 14407189271656351475

69 qw the Shooter (level 4, -1/25 HPs)
             Began as a Deep Elf Hunter on June 23, 2023.
             Slain by Ijyb
             ... wielding a +0 club
              (3 damage)
             ... on level 2 of the Dungeon.
             The game lasted 00:00:36 (1464 turns).

qw the Shooter (Deep Elf Hunter)                    Turns: 1464, Time: 00:00:37

Health: -1/25      AC:  5    Str: 14    XL:     4   Next: 2%
Magic:  6/6        EV: 11    Int: 13    God:
Gold:   178        SH:  0    Dex: 17    Spells: 3/3 levels left

rFire   + . .        Y - +0 shortbow
rCold   . . .        (shield currently unavailable)
rNeg    . . .        h - +0 ring mail
rPois   .            (no helmet)
rElec   .            (no cloak)
rCorr   .            (no gloves)
SInv    .            (no boots)
Will    .....        (no amulet)
Stlth   +            (no ring)
HPRegen 0.24/turn    (no ring)
MPRegen 0.10/turn

%: no passive effects
@: no status effects
A: fire resistance 1, strong 1
a: no special abilities


You were on level 2 of the Dungeon.
You visited 1 branch of the dungeon, and saw 3 of its levels.

You collected 178 gold pieces.


Innate Abilities, Weirdness & Mutations

Your flesh is heat resistant. (rF+)
Your muscles are strong. (Str +4, Int/Dex -1)


   Skills:
 - Level 1.5 Fighting
 + Level 7.4 Ranged Weapons
 - Level 2.4 Dodging
 - Level 1.2 Stealth


You had 3 spell levels left.
You didn't know any spells.
Your spell library was empty.

Inventory:

Hand Weapons
 Y - a +0 shortbow (weapon)
Armour
 h - a +0 ring mail (worn)
Scrolls
 f - a scroll of identify
Potions
 b - a potion of might
 c - 2 potions of curing
 d - 2 potions of mutation

Dungeon Overview and Level Annotations

Branches:
Dungeon (3/15)

Altars:
Xom

Annotations:
D:2 Ijyb


Message History

You shoot an arrow. The arrow hits Ijyb but does no damage.
Ijyb is heavily wounded.
Ijyb hits you with a +0 club.
You shoot an arrow. The arrow closely misses Ijyb.
Ijyb hits you but does no damage.
You shoot an arrow. The arrow hits Ijyb.
Ijyb is heavily wounded.
Ijyb hits you but does no damage.
You shoot an arrow. The arrow closely misses Ijyb.
Ijyb closely misses you.
You shoot an arrow. The arrow barely misses Ijyb.
Ijyb closely misses you.
You shoot an arrow. The arrow barely misses Ijyb.
Ijyb hits you with a +0 club.
Ijyb zaps a wand.
You resist with some effort.
You shoot an arrow. The arrow barely misses Ijyb.
Ijyb hits you with a +0 club.
You shoot an arrow. The arrow barely misses Ijyb.
Ijyb hits you but does no damage.
You shoot an arrow. The arrow hits Ijyb but does no damage.
Ijyb is heavily wounded.
Ijyb closely misses you.
You shoot an arrow. The arrow hits Ijyb.
Ijyb is heavily wounded.
Ijyb zaps a wand.
You suddenly lose the ability to move!
Ijyb hits you with a +0 club. Ijyb screams, "Me stronger than you!"
Ijyb barely misses you. Ijyb hits you but does no damage. x2
You can move again.
You shoot an arrow. The arrow hits Ijyb but does no damage.
Ijyb is heavily wounded.
Ijyb hits you but does no damage. Ijyb hits you with a +0 club.
You shoot an arrow. The arrow barely misses Ijyb.
Ijyb hits you but does no damage.
You shoot an arrow. The arrow closely misses Ijyb.
Ijyb hits you with a +0 club.
You shoot an arrow. The arrow hits Ijyb!
Ijyb is almost dead.
Ijyb hits you with a +0 club.
You die...

###### #....#
#.##.#########
#####.##..........
#@g..~.~...~...~..
##.......~.~.~..~.
#.#.~~~~~~~~~~..#
#...~~~~~~~~~~~..
##...~~~~~~~~~..#
#..~~~~~7.~~~~~.
##..~~~~_7~~~.~#
#..~~~~~~.~~~..#
#.~.~~~~~~~~~~~#


You could see Ijyb.

Vanquished Creatures
  2 adders
  2 dart slugs (D:1)
  5 ball pythons
  7 endoplasms
  3 giant cockroaches (D:1)
  4 goblins
  3 hobgoblins
  6 kobolds (D:1)
  A quokka (D:1)
  2 bats (D:1)
  3 frilled lizards
  8 rats
46 creatures vanquished.

Notes
Turn   | Place    | Note
-------+----------+-------------------------------------------
     0 | D:1      | qw the Deep Elf Hunter began the quest for the Orb.
     0 | D:1      | Reached XP level 1. HP: 12/12 MP: 3/3
     0 | D:1      | 0 ||| qw: Version: 0.3-a-9-g12657ce
     0 | D:1      | 0 ||| qw: Game counter: 3627
     0 | D:1      | 0 ||| qw: Always use a shield: true
     0 | D:1      | 0 ||| qw: God list: Okawaru
     0 | D:1      | 0 ||| qw: Allow faded altars: false
     0 | D:1      | 0 ||| qw: Do Orc after D:15 true
     0 | D:1      | 0 ||| qw: Do second Lair branch before Depths: true
     0 | D:1      | 0 ||| qw: Lair rune preference: random
     0 | D:1      | 0 ||| qw: Plans: Normal
     0 | D:1      | 0 ||| PLANNING D:1-11
    39 | D:1      | 39 ||| Stepping ~*~*~tactically~*~*~ (outnumbered).
    60 | D:1      | Reached skill level 6 in Ranged Weapons
    60 | D:1      | Reached XP level 2. HP: 16/16 MP: 4/4
   268 | D:1      | Reached XP level 3. HP: 20/20 MP: 5/5
   600 | D:1      | Reached skill level 7 in Ranged Weapons
   657 | D:1      | 657 ||| UPGRADING to +0 ring mail.
   667 | D:1      | 667 ||| DROPPING +0 leather armour.
   668 | D:1      | 668 ||| READING scroll labelled RYJ IXKE BIAH.
   669 | D:1      | 669 ||| READING scroll labelled SIEDWAI AGGUCK.
   670 | D:1      | 670 ||| READING 2 scrolls labelled BIDUVUIRCHYFE.
   671 | D:1      | 671 ||| DRINKING 3 silvery potions.
   671 | D:1      | Gained mutation: Your flesh is heat resistant. (rF+)
                  | [potion of mutation]
   671 | D:1      | Gained mutation: Your muscles are strong. (Str +4, Int/Dex
                  | -1) [potion of mutation]
   672 | D:1      | 672 ||| DROPPING scroll of butterflies.
   673 | D:1      | 673 ||| DROPPING scroll of noise.
   900 | D:2      | Found a shimmering altar of Xom.
   999 | D:2      | Found a faded altar of an unknown god.
  1212 | D:2      | 1212 ||| READING scroll labelled ANKAAXT UKUOWO.
  1313 | D:2      | 1313 ||| READING scroll labelled OGUEKHLOUSTRU.
  1314 | D:2      | 1314 ||| DRINKING 3 green potions.
  1315 | D:2      | 1315 ||| READING 2 scrolls of identify.
  1315 | D:2      | 1315 ||| IDENTIFYING glowing amethyst potion
  1317 | D:2      | 1317 ||| Stepping ~*~*~tactically~*~*~ (cloud).
  1321 | D:2      | HP: 5/20 [poisoned by you (poison gas)]
  1325 | D:2      | HP: 2/20 [poisoned by you (poison gas)]
  1421 | D:3      | Noticed Ijyb
  1424 | D:3      | Reached XP level 4. HP: 25/25 MP: 6/6
  1426 | D:3      | 1426 ||| STAIRDANCE
  1433 | D:2      | Paralysed by Ijyb for 5 turns
  1443 | D:2      | Paralysed by Ijyb for 2 turns
  1456 | D:2      | Paralysed by Ijyb for 5 turns
  1457 | D:2      | HP: 5/25 [Ijyb/+0 club (3)]
  1463 | D:2      | HP: 2/25 [Ijyb/+0 club (3)]
  1464 | D:2      | Slain by Ijyb

Levels and vault maps discovered:
D:1:      heliophobic_arrival_enchanted_forest, layout_loops_ring,
          solitary_fountain, minmay_bisected
D:2:      layout_basic, chequers_ecumenical_altar_island, basic_altar
D:3:      layout_rooms, nzn_hepliaklqana_mist_gate, minmay_rat_hole, uniq_robin,
          uniq_ijyb, uniq_grinder

Skill      XL: |  1  2  3 |
---------------+----------+-----
Ranged Weapons | 6 7 |  7.4
Fighting       | |  1.5
Dodging        | |  2.4
Stealth        | |  1.2

Action                     |  1- 3 |  4- 6 || total
---------------------------+-------+-------++-------
   Fire: Shortbow          |   100 |    30 ||   130
    Use: Scroll            |     6 |       ||     6
         Potion            |     2 |       ||     2
 Armour: Leather armour    |     4 |       ||     4
         Ring mail         |     3 |    11 ||    14
  Dodge: Dodged            |    16 |    13 ||    29

Table legend:
 A = Non-vault XP
 B = Vault XP
 C = Vault XP percentage of total XP
 D = Non-vault monster count
 E = Vault monster count
 F = Vault count percentage of total count
                 A         B        C        D         E       F
            +---------+---------+-------+---------+---------+-------
      Total |      95 |       4 |   4.0 |      43 |       3 |   6.5
            +---------+---------+-------+---------+---------+-------
        D:1 |      59 |       4 |   6.3 |      35 |       3 |   7.9
        D:2 |      22 |       0 |   0.0 |       7 |       0 |   0.0
        D:3 |      14 |       0 |   0.0 |       1 |       0 |   0.0
            +---------+---------+-------+---------+---------+-------
